 Dungeon Crawl Stone Soup version 0.28-a0-194-g42b4daccc1 (webtiles) character file.

Game seed: 200336859427044351

55 bande the Shield-Bearer (level 3, -4/24 HPs)
             Began as a Gargoyle Fighter on Aug 18, 2021.
             Slain by Crazy Yiuf (7 damage)
             ... on level 2 of the Dungeon on Aug 19, 2021.
             The game lasted 00:03:37 (1864 turns).

bande the Shield-Bearer (Gargoyle Fighter)          Turns: 1864, Time: 00:03:38

Health: -4/24      AC: 17    Str: 19    XL:     3   Next: 93%
Magic:  0/3        EV:  3    Int:  8    God:
Gold:   39         SH:  8    Dex: 10    Spells: 2/2 levels left

rFire   . . .      SeeInvis .   a - +0 war axe
rCold   . . .      Faith    .   c - +0 kite shield
rNeg    + . .      Spirit   .   j - +0 plate armour
rPois   ∞          Reflect  .   g - +0 helmet
rElec   +          Harm     .   b - +0 cloak
rCorr   .          Rampage  .   (no gloves)
Will    .....                   (no boots)
Stlth   ..........              (no amulet)
HPRegen 0.08/turn               (no ring)
MPRegen 0.08/turn               (no ring)

@: hasted, very quick
A: sickness immunity, AC +3, negative energy resistance 1, electricity
resistance, torment resistance 1, petrification resistance
a: no special abilities


You were on level 2 of the Dungeon.
You visited 1 branch of the dungeon, and saw 2 of its levels.

You collected 53 gold pieces.
You spent 14 gold pieces at shops.

Inventory:

Hand Weapons
 a - a +0 war axe (weapon)
Armour
 b - a +0 cloak (worn)
 c - a +0 kite shield (worn)
 g - a +0 helmet (worn)
 j - a +0 plate armour (worn)
Jewellery
 f - a ring of fire
Wands
 k - a wand of iceblast (8)
Scrolls
 e - 2 scrolls of torment {unknown}
 h - a scroll of enchant weapon {unknown}
 i - a scroll of enchant armour {unknown}
Potions
 d - 2 potions of might
 l - a potion of brilliance {unknown}


   Skills:
 + Level 3.7 Fighting
 + Level 2.4 Axes
 + Level 3.8 Armour
 + Level 0.1 Dodging
 + Level 3.9 Shields


You had 2 spell levels left.
You didn't know any spells.
Your spell library was empty.

Dungeon Overview and Level Annotations

Branches:
Dungeon (2/15)

Altars:
Gozag

Shops:
D:2 !([*

Annotations:
D:2 Crazy Yiuf


Innate Abilities, Weirdness & Mutations

You are immune to sickness and miasma.
Your stone body is resilient. (AC +3)
You are immune to poison.
You resist negative energy. (rN+)
You are resistant to electric shocks. (rElec)
You are resistant to unholy torment.
You are immune to petrification.


Message History

No target in view!
No target in view!
No target in view!
Found a club.
Found a stone staircase leading up.
No target in view!
No target in view!
No target in view!
You see here a +0 dagger.
Crazy Yiuf shouts!
Could not explore, unopened runed door.
You open the door.
Your shield and plate armour prevent you from hitting Crazy Yiuf.
Crazy Yiuf hits you with a +3 quarterstaff of chaos!
You resist with some effort. You block Crazy Yiuf's attack.
You hit Crazy Yiuf but do no damage. You block Crazy Yiuf's attack.
You hit Crazy Yiuf.
Crazy Yiuf is lightly wounded.
Crazy Yiuf hits you with a +3 quarterstaff of chaos.
You feel yourself speed up. You block Crazy Yiuf's attack.
You closely miss Crazy Yiuf.
Crazy Yiuf is lightly wounded.
Crazy Yiuf hits you with a +3 quarterstaff of chaos.
You feel your power leaking away.
You barely miss Crazy Yiuf.
Crazy Yiuf is lightly wounded.
Crazy Yiuf hits you with a +3 quarterstaff of chaos.
Crazy Yiuf freezes you.
* * * LOW HITPOINT WARNING * * *
You hit Crazy Yiuf.
Crazy Yiuf is moderately wounded.
Crazy Yiuf cries, "Dawk!"
Crazy Yiuf hits you with a +3 quarterstaff of chaos.
* * * LOW HITPOINT WARNING * * *
You feel your power leaking away.
You closely miss Crazy Yiuf.
Crazy Yiuf is moderately wounded.
Crazy Yiuf laughs, "Announcement agre tea!"
Crazy Yiuf hits you with a +3 quarterstaff of chaos!
You die...

###........####..########.#......
...........# #....# #.##.#......
..........## #P.PP# #)##.#.P....
.....##...# #...## #.##.#..∩P..
.....##...# ##.## #.##.#..P...
.....##...# #.## #..#.#......
.....##...# ##.# ##.#.#......
.....##!.∩# #.## #.#.#......
#######...# ##@# #.#∩#......
#...# #g# #.#.#..#### ##### ...
#.#.#..# # #...# #...#..# # #..)#
###..#..#### ##### #...........
#........... ###...........
#.............


You could see Crazy Yiuf.

Vanquished Creatures
  An adder (D:2)
  2 endoplasms
  2 giant cockroaches (D:1)
  3 goblins
  3 hobgoblins
  5 jackals
  4 kobolds
  5 quokkas
  4 ball pythons
  5 bats
  3 frilled lizards
  5 rats
42 creatures vanquished.

Vanquished Creatures (others)
  2 plants (D:2)
2 creatures vanquished.

Grand Total: 44 creatures vanquished

Notes
Turn   | Place    | Note
-------+----------+-------------------------------------------
     0 | D:1      | bande the Gargoyle Fighter began the quest for the Orb.
     0 | D:1      | Reached XP level 1. HP: 14/14 MP: 1/1
   256 | D:1      | Reached XP level 2. HP: 19/19 MP: 2/2
   844 | D:1      | Reached XP level 3. HP: 23/23 MP: 3/3
  1127 | D:2      | Found an opulent altar of Gozag.
  1137 | D:2      | Found Moihi's Assorted Antiques.
  1275 | D:2      | Found Erilon's Antique Armour Emporium.
  1390 | D:2      | Found Mal Nasi's Distillery.
  1404 | D:2      | Bought a potion of degeneration for 14 gold pieces
  1493 | D:2      | Found a runed translucent door.
  1494 | D:2      | Noticed Crazy Yiuf
  1557 | D:2      | Found Wacuumua's Weapon Shop.
  1864 | D:2      | Slain by Crazy Yiuf

Illustrated notes

Levels and vault maps discovered:
D:1:      erik_arrival_triangle_small, layout_basic
D:2:      layout_basic, serial_shops, shop, shop, shop,
          nicolae_shop_overgrown_old_shop, basic_altar, uniq_crazy_yiuf_cottage

Skill      XL: |  1  2 |
---------------+-------+-----
Axes           | 2 |  2.4
Fighting       | |  3.7
Armour         | |  3.8
Dodging        | |  0.1
Shields        | |  3.9

Action                   || total
-------------------------++-------
Melee: War axe           ||   149
Armor: Scale mail        ||    55
       Plate armour      ||    57
Dodge: Dodged            ||    42
Block: Kite shield       ||    91

Table legend: (Time is in decaauts)
 A = Elapsed time spent in this place.
 B = Non-inter-level travel time spent in this place.
 C = Inter-level travel time spent in this place.
 D = Time resting spent in this place.
 E = Time spent auto-exploring this place.
 F = Levels seen in this place.
 G = Mean time per level.
                   A        B        C        D        E       F      G
               +--------+--------+--------+--------+--------+-----+--------+
         Total |   1953 |   1900 |     53 |      0 |   1489 |   2 |  976.5 |
       Dungeon |   1953 |   1900 |     53 |      0 |   1489 |   2 |  976.5 |
               +--------+--------+--------+--------+--------+-----+--------+

Top non-repeatable levels by time:
     D:1: 1115 daAuts
     D:2: 838 daAuts
